Map: [ESL] Hecate

Players

PAPl

  • Race: Protoss Protoss
  • Spawn Location: 7:00

HeroMarine - Winner!

  • Race: Terran Terran
  • Spawn Location: 1:00

Event: ESL SC2 Masters 2023 Winter (Regional)

VOD

Have the link to the VOD?

Description

Time

  • Played on: Oct. 27, 2023, 12:56 p.m.
  • Length: 10:17

All games in this series

Show
View Real Time Build Order
Export as new Build Order

PAPl Protoss 

Build Orders: 1 Gate Expand, Blink Stalkers 

Get SALT Encoding   

  12  0:00  Probe  
  13  0:12  Probe  
  14  0:17  Pylon  
  14  0:24  Probe (Chrono Boost)  
  15  0:36  Probe (Chrono Boost)  
  15  0:37  Gateway  
  16  0:44  Probe (Chrono Boost)  
  16  0:46  Assimilator  
  17  0:51  Probe  
  18  1:03  Probe  
  19  1:15  Probe  
  20  1:23  Nexus  
  20  1:35  Cybernetics Core  
  20  1:36  Probe  
  21  1:42  Assimilator  
  21  1:48  Probe  
  21  1:52  Pylon  
  22  2:00  Probe  
  23  2:08  Adept (Chrono Boost)  
  23  2:12  Warp Gate  
  23  2:13  Probe (Chrono Boost)  
  26  2:22  Probe (Chrono Boost)  
  27  2:27  Probe (Chrono Boost)  
  27  2:28  Twilight Council  
  28  2:31  Stalker  
  30  2:37  Probe (Chrono Boost)  
  30  2:43  Probe (Chrono Boost)  
  32  2:49  Probe (Chrono Boost)  
  34  2:54  Probe x2 (Chrono Boost)  
  35  3:01  Blink (Chrono Boost)  
  35  3:03  Probe x2, Stalker  
  39  3:15  Probe  
  39  3:18  Pylon  
  40  3:20  Probe  
  41  3:27  Gateway, Probe  
  41  3:32  Probe  
  41  3:33  Sentry  
  45  3:39  Probe  
  46  3:47  Probe  
  47  3:49  Nexus  
  47  3:51  Probe  
  47  3:53  Pylon  
  48  4:01  Probe  
  49  4:04  Assimilator  
  49  4:05  Stalker, Pylon  
  49  4:09  Probe  
  52  4:14  Probe  
  52  4:15  Robotics Facility  
  53  4:21  Stalker  
  53  4:23  Probe  
  56  4:26  Probe  
  57  4:35  Probe  
  55  4:39  Probe  
  55  4:45  Stalker x2  
  60  4:47  Probe (Chrono Boost)  
  60  4:50  Charge  
  62  4:55  Probe (Chrono Boost)  
  62  4:58  Pylon  
  62  4:59  Probe (Chrono Boost)  
  63  5:02  Observer  
  63  5:03  Forge  
  63  5:06  Probe (Chrono Boost)  
  63  5:07  Probe (Chrono Boost)  
  66  5:09  Probe (Chrono Boost)  
  66  5:14  Probe  
  66  5:15  Probe  
  66  5:16  Stalker x2  
  66  5:19  Probe  
  73  5:26  Probe  
  73  5:27  Probe  
  75  5:31  Gateway, Probe  
  75  5:32  Protoss Ground Weapons Level 1 (Chrono Boost)  
  75  5:33  Gateway, Warp Prism  
  78  5:38  Probe  
  79  5:47  Gateway  
  79  5:52  Probe x2  
  81  5:59  Probe  
  81  6:04  Probe  
  81  6:08  Zealot x2  
  81  6:09  Immortal (Chrono Boost)  
  90  6:11  Pylon  
  90  6:12  Pylon  
  90  6:16  Pylon  
  87  6:28  Gateway, Shield Battery  
  87  6:30  Zealot  
  87  6:31  Zealot x2, Gateway  
  93  6:33  Pylon  
  93  6:34  Observer  
  93  6:36  Pylon  
  93  6:37  Pylon  
  93  6:39  Immortal (Chrono Boost)  
  93  6:40  Sentry  
  99  6:50  Zealot  
  99  6:51  Zealot x3  
  99  6:53  Probe  
  108  7:03  Gateway  
  108  7:05  Gateway, Pylon  
  106  7:13  Zealot x3  
  106  7:14  Zealot x2  
  100  7:27  Zealot  
  100  7:28  Zealot  
  90  7:34  Zealot x5  
  100  7:40  Nexus  
  100  7:42  Probe x2  
  98  7:46  Protoss Ground Weapons Level 2 (Chrono Boost)  
  98  7:54  Probe  
  98  7:57  Sentry x2, Pylon  
  103  7:58  Zealot x2  
  103  8:03  Zealot  
  103  8:04  Zealot  
  111  8:10  Probe  
  112  8:14  Templar Archives  
  112  8:16  Zealot x2  
  116  8:21  Observer  
  116  8:30  Probe  
  117  8:35  Probe  
  114  8:45  Zealot x7  
  112  9:03  Zealot x2  
  112  9:07  Zealot x4  
  114  9:16  Observer  
  114  9:17  Stalker x3  
  113  9:37  Zealot x4  
  121  9:38  Nexus  
  121  9:40  Pylon  
  121  9:42  Zealot x2  
  121  9:52  Zealot x3  
  127  9:59  Zealot x3  
  93  10:05  Zealot x2  
Show
View Real Time Build Order
Export as new Build Order

HeroMarine Terran - Winner!

Build Orders: Gas First Reaper Expand 

Get SALT Encoding   

  12  0:00  SCV  
  13  0:12  SCV  
  14  0:17  Supply Depot  
  14  0:24  SCV  
  15  0:28  Refinery  
  15  0:38  SCV  
  16  0:43  Barracks  
  16  0:50  SCV  
  17  1:02  SCV  
  18  1:14  SCV  
  19  1:30  Orbital Command, Reaper  
  20  1:42  Command Center  
  20  1:53  Factory  
  20  1:56  SCV  
  21  2:02  Refinery  
  21  2:06  Barracks Reactor  
  21  2:08  SCV  
  22  2:13  Supply Depot  
  22  2:20  SCV  
  23  2:34  SCV  
  24  2:39  Starport  
  24  2:40  Widow Mine  
  24  2:44  Marine x2  
  27  2:47  SCV  
  29  2:54  Orbital Command  
  29  2:59  SCV  
  29  3:01  Widow Mine  
  32  3:06  Marine x2  
  32  3:11  Orbital Command, SCV  
  35  3:15  Medivac  
  37  3:23  SCV  
  37  3:26  Widow Mine, Marine, Supply Depot  
  41  3:30  Marine  
  42  3:35  SCV  
  42  3:38  SCV  
  44  3:44  Marine  
  44  3:48  Marine  
  45  3:49  Starport Tech Lab, Factory Tech Lab  
  45  3:51  SCV x2  
  45  3:54  Supply Depot  
  48  4:02  Marine  
  49  4:03  SCV x2  
  49  4:05  Barracks  
  49  4:06  Marine  
  49  4:09  Raven  
  54  4:16  Siege Tank, Supply Depot  
  54  4:17  SCV x2  
  59  4:24  Marine  
  59  4:26  Marine  
  59  4:28  Barracks  
  59  4:30  SCV  
  62  4:37  SCV  
  63  4:42  SCV  
  63  4:44  Engineering Bay  
  62  4:45  Marine x2  
  62  4:46  Refinery  
  62  4:48  Siege Tank  
  62  4:51  SCV  
  68  4:54  SCV  
  68  4:55  Supply Depot  
  68  4:59  Stimpack  
  69  5:00  Supply Depot  
  69  5:04  SCV  
  70  5:08  Refinery  
  70  5:10  Terran Infantry Weapons Level 1  
  70  5:14  SCV  
  70  5:16  SCV  
  70  5:17  Supply Depot  
  71  5:23  Marine  
  71  5:24  Marine  
  71  5:26  Combat Shield, SCV  
  71  5:28  Starport Reactor, Marine x2  
  76  5:29  SCV  
  76  5:32  Supply Depot  
  76  5:33  Factory Reactor  
  77  5:38  SCV  
  77  5:41  SCV  
  79  5:45  Supply Depot  
  79  5:46  Marauder x2, Marine x2  
  85  5:51  SCV  
  85  5:55  SCV  
  87  6:03  Marine, SCV  
  87  6:04  Marine  
  85  6:05  Medivac x2  
  85  6:07  Marauder x2  
  94  6:11  Supply Depot, Widow Mine x2  
  94  6:21  Marine x2  
  94  6:24  Supply Depot  
  96  6:29  Marauder x2  
  104  6:33  Widow Mine x2  
  104  6:35  Medivac  
  104  6:37  Medivac  
  104  6:39  Concussive Shells, Marine x2  
  110  6:43  Command Center  
  110  6:50  Marauder x2  
  110  6:54  Supply Depot  
  114  6:55  Widow Mine x2  
  114  6:57  Marine x2  
  120  7:04  Terran Infantry Armor Level 1  
  120  7:10  SCV  
  120  7:11  Barracks, SCV  
  120  7:13  Barracks  
  120  7:14  Marauder x2  
  125  7:18  Widow Mine  
  116  7:23  SCV x2  
  116  7:26  Widow Mine  
  111  7:34  Medivac  
  111  7:35  SCV x2  
  107  7:39  Marauder  
  107  7:43  Widow Mine  
  111  7:47  SCV x2  
  111  7:48  Viking  
  115  7:59  SCV x2  
  115  8:01  Orbital Command  
  115  8:03  Marauder x2  
  115  8:04  Barracks Tech Lab  
  115  8:05  Barracks Reactor  
  121  8:08  Supply Depot, Marine x2  
  121  8:09  Widow Mine  
  121  8:11  Widow Mine  
  121  8:12  SCV  
  128  8:13  SCV  
  128  8:15  Medivac  
  131  8:21  Medivac  
  131  8:25  SCV x2  
  135  8:28  Marine  
  135  8:29  Marauder x2, Marine  
  135  8:33  Widow Mine x2  
  143  8:36  Marine  
  143  8:37  Orbital Command  
  143  8:38  SCV x2  
  142  8:46  Marine x2  
  144  8:50  Marine x3  
  144  8:54  Medivac x2  
  144  8:55  Widow Mine x2  
  147  8:57  Marine  
  147  9:02  SCV  
  142  9:04  SCV  
  142  9:08  SCV  
  144  9:14  SCV  
  144  9:16  SCV  
  146  9:19  Marine  
  146  9:20  SCV, Marine  
  149  9:26  SCV  
  149  9:28  SCV  
  149  9:29  Engineering Bay  
  149  9:30  Armory  
  149  9:32  SCV  
  149  9:34  Marine x5  
  149  9:37  Marine x2  
  155  9:38  SCV  
  155  9:40  SCV  
  155  9:44  Supply Depot  
  155  9:45  Supply Depot  
  156  9:54  Widow Mine  
  156  9:55  Marine  
  156  9:57  SCV x2  
  156  9:58  SCV  
Tags
 
Add a new tag
Caveats
  • Supply blocks, unpowered buildings, or Contaminate may cause inaccurate times.
  • Supply counts are checked every 10 seconds.